 Dungeon Crawl Stone Soup version 0.29-a0-187-ga23d9638d5 (webtiles) character file.

Game seed: 5097916958638734826

130 esteth the Digger (level 5, -1/28 HPs)
             Began as a Gargoyle Earth Elementalist on Feb 21, 2022.
             Slain by a gnoll (5 damage)
             ... on level 3 of the Dungeon.
             The game lasted 00:07:20 (4231 turns).

esteth the Digger (Gargoyle Earth Elementalist)     Turns: 4231, Time: 00:07:20

Health: -1/28      AC:  5    Str: 12    XL:     5   Next: 13%
Magic:  3/8        EV: 11    Int: 17    God:
Gold:   225        SH:  0    Dex: 10    Spells: 7/8 levels left

rFire   . . .      SeeInvis .   m - staff of earth {!a}
rCold   . . .      Faith    .   (no shield)
rNeg    + . .      Spirit   .   n - +0 leather armour
rPois   ∞          Reflect  .   (no helmet)
rElec   +          Harm     .   (no cloak)
rCorr   .          Rampage  .   (no gloves)
Will    .....                   (no boots)
Stlth   ++........              (no amulet)
HPRegen 0.09/turn               (no ring)
MPRegen 0.11/turn               (no ring)

@: mighty
A: sickness immunity, AC +4, negative energy resistance 1, electricity
resistance, torment resistance 1, petrification resistance, deformed body
a: no special abilities


You were on level 3 of the Dungeon.
You visited 1 branch of the dungeon, and saw 3 of its levels.

You collected 225 gold pieces.


Innate Abilities, Weirdness & Mutations

You are immune to sickness and miasma.
Your stone body is resilient. (AC +4)
You are immune to poison.
You resist negative energy. (rN+)
You are resistant to electric shocks. (rElec)
You are resistant to unholy torment.
You are immune to petrification.
Armour fits poorly on your strangely shaped body.


   Skills:
 - Level 1.5 Dodging
 - Level 2.1 Stealth
 - Level 2.3 Spellcasting
 - Level 0.7 Transmutations
 + Level 6.6 Earth Magic


You had 7 spell levels left.
You knew the following spells:

 Your Spells              Type           Power      Damage    Failure   Level
s - Sandblast             Erth           72%        2d16      1%          1

Your spell library contained the following spells:

 Spells                   Type           Power      Damage    Failure   Level
 Passwall                 Tmut/Erth      17%        N/A       8%          2
 Stone Arrow              Conj/Erth      38%        3d9       19%         3
 Blink                    Tloc           4%         N/A       34%         2
 Petrify                  Tmut/Erth      21%        N/A       45%         4
 Lesser Beckoning         Tloc           2%         N/A       56%         3
 Manifold Assault         Tloc           2%         N/A       100%        5

Inventory:

Hand Weapons
 e - a +0 whip
   (You took it off a kobold on level 1 of the Dungeon)
Missiles
 a - 120 stones
 l - 8 javelins
Armour
 b - a +0 robe
 n - a +0 leather armour (worn)
   (You found it on level 1 of the Dungeon)
 r - a +0 ring mail
   (You found it on level 2 of the Dungeon)
 s - a +0 ring mail
   (You found it on level 2 of the Dungeon)
 t - a +0 ring mail
   (You found it on level 2 of the Dungeon)
Magical Staves
 m - a staff of earth (weapon) {!a}
   (You found it on level 1 of the Dungeon)
Scrolls
 c - 2 scrolls of enchant armour {unknown}
 f - 5 scrolls of identify {unknown}
 g - 2 scrolls of blinking {unknown}
 i - a scroll of torment {unknown}
 p - a scroll of vulnerability {unknown}
 q - a scroll of teleportation {unknown}
 u - a scroll of immolation {unknown}
Potions
 d - a potion of curing {unknown}
 h - 2 potions of heal wounds {unknown}
 j - a potion of mutation {!q}
 k - a potion of might
 o - a potion of attraction {unknown}
 v - a potion of haste {unknown}

Dungeon Overview and Level Annotations

Branches:
Dungeon (3/15)

Altars:
Ashenzari
Elyvilon

Annotations:
D:3 3 transporters, ma3's ghost, amateur TrCK

#..≈≈#....... ...#≈≈.#.# #.#
#..≈≈###.##'##.###≈≈.#.###.#
#..≈≈..#g#P.P#.#..≈≈.....#.#
#..≈≈.##.'...'.##.≈≈.#.#.#..
#..≈≈.#..#..P#..#.≈≈.#.#.###
#..≈≈.##.##.##.##.≈≈.#.#.# #
#......#.#Pg)#.#..≈≈...#.# #
#.....©#.+.W.+.#©.≈≈...#.#
#......#.#8@8#.#..≈≈...#.#
#..≈≈.##.#####.##.≈≈.#.#.#
#..≈≈.#©.# #..#.≈≈.#.#
#..≈≈.##.#. #.##.≈≈.#.#
#..≈≈..#.#.. #.#..≈≈.#.#
#..≈≈###.##+##.###≈≈.#.#
#..≈≈#gg.........#≈≈.#.#
#..≈≈#8g###g###.8#≈≈.#.#
#..≈≈#g.#8###8#..#≈≈...#####


You could see ma3's ghost and a gnoll.


Message History

MASSIVE DAMAGE!! (PAUSE)
You barely miss the endoplasm.
The gnoll shouts!
The endoplasm freezes you.
You are frozen. 😮 HP[-1]
You take 1 damage, and now have 18/24 hp.
You hit the endoplasm.
You kill the endoplasm!
You now have 210 gold pieces (gained 10).
You now have 225 gold pieces (gained 15).
The gnoll shouts!
You hear a shout!
Ma3's ghost wails, "To die, to sleep, no more."
A quokka comes into view. 😎 HP[+6]
Your hp is fully restored (24).
Why would you want to do that?
Okay, then.
There is a transporter here.
You enter the transporter and appear at another place.
You close the door.
There is a transporter landing site here.
You close the door.
You hit the plant.
The plant begins to die.
You hit the plant.
There is a transporter landing site here.
A nearby plant withers and dies.
The gnoll shouts!
The gnoll zaps a wand.
Your will is overpowered!
You are confused.
You're too confused to cast spells.
There is a fountain of clear blue water here.
The gnoll zaps a wand.
You resist with some effort.
You're too confused to cast spells.
It was a potion of might.
You feel very mighty all of a sudden.
You feel less confused. The gnoll barely misses you.
Okay, then.
You hit the gnoll. The gnoll closely misses you.
The gnoll hits you with a +0 whip of pain. 😮 HP[-6]
You take 6 damage, and now have 18/24 hp.
MASSIVE DAMAGE!! (PAUSE)
Aiming: Sandblast (safe; 1% risk of failure)
Press: ? - help, Q - select action, (/) - cycle Shift-Dir - straight line, f - gnoll
Aim: a gnoll, wielding a +0 halberd of electrocution and quivering a throwing net (84% to hit)
You feel a surge of power!
The blast of sand hits the gnoll!
You kill the gnoll!
The gnoll closely misses you.
The gnoll hits you but does no damage. 😮 MP[-1]
You lost 1 mp, and now have 6/7 mp.
Aiming: Sandblast (safe; 1% risk of failure)
Press: ? - help, Q - select action, (/) - cycle Shift-Dir - straight line, f - gnoll
Aim: a gnoll, wielding a +0 spear of electrocution (84% to hit)
You feel a surge of power!
The blast of sand hits the gnoll!
You kill the gnoll!
The gnoll barely misses you. x2
You have reached level 5! 😮 HP[+3] MP[-1]
You now have 28 max hp (+4).
You regained 3 hp, and now have 21/28 hp.
You hit the gnoll. The gnoll closely misses you.
The gnoll barely misses you. x2
You hit the gnoll!
You shatter the gnoll.
You kill the gnoll!
The gnoll hits you but does no damage.
Ma3's ghost closely misses you. 😕 HP[+1]
Aiming: Sandblast (safe; 1% risk of failure)
Press: ? - help, Q - select action, (/) - cycle Shift-Dir - straight line, f - ma3's ghost
Aim: ma3's ghost (82% to hit)
You feel a surge of power!
The blast of sand hits ma3's ghost!!
The gnoll hits you from afar with a +0 spear.
Ma3's ghost hits you!
* * * LOW HITPOINT WARNING * * *
😱 HP[-15] MP[-1]
You take 15 damage, and now have 7/28 hp.
MASSIVE DAMAGE!! (PAUSE)
You lost 1 mp, and now have 4/8 mp.
It was a potion of mutation.
You feel extremely strange.
Your body twists and deforms.
The gnoll hits you from afar with a +0 spear.
* * * LOW HITPOINT WARNING * * *
Ma3's ghost misses you. 😱 HP[-3]
You take 3 damage, and now have 4/28 hp.
Aiming: Sandblast (safe; 1% risk of failure)
Press: ? - help, Q - select action, (/) - cycle Shift-Dir - straight line, f/p - ma3's ghost
Aim: ma3's ghost (moderately damaged, 82% to hit)
You feel a surge of power!
The blast of sand misses ma3's ghost.
The blast of sand hits the gnoll!
The gnoll closely misses you.
Ma3's ghost closely misses you. 😱 MP[-1]
You lost 1 mp, and now have 3/8 mp.
Hit: m) staff of earth {!a}
Press: ? - help, Dir - move target, f/p - ma3's ghost
Aim: ma3's ghost (moderately damaged, about 41% to evade your staff of earth)
You hit ma3's ghost.
The gnoll hits you from afar with a +0 spear.
You die...

Skill      XL: |  1  2  3  4 |
---------------+-------------+-----
Earth Magic    | 4 5 6 |  6.6
Dodging        | |  1.5
Stealth        | |  2.1
Spellcasting   | |  2.3
Transmutations | |  0.7

Action                   |  1- 3 |  4- 6 || total
-------------------------+-------+-------++-------
Melee: Whip              |    91 |       ||    91
       Unarmed           |     8 |       ||     8
       Staff             |    59 |    62 ||   121
       Punch             |     1 |       ||     1
 Cast: Sandblast         |    20 |    11 ||    31
  Use: Potion            |       |     2 ||     2
 Stab: Sleeping          |     4 |     1 ||     5
Armor: Robe              |    52 |       ||    52
       Leather armour    |    31 |    26 ||    57
Dodge: Dodged            |   115 |    57 ||   172

Levels and vault maps discovered:
D:1:      nzn_arrival_crosshair, layout_loops_corners
D:2:      layout_basic, basic_altar, shapermc_ecumenical_altar_pompeii,
          st_stairs_12
D:3:      gammafunk_wand_slinger, layout_basic, mainiacjoe_overflow_catwalk,
          gammafunk_ghost_gnarly_gnolls, corexii_hall_statues_x,
          dk_noncrumbling_4

Notes
Turn   | Place    | Note
-------+----------+-------------------------------------------
     0 | D:1      | esteth the Gargoyle Earth Elementalist began the quest for
                  | the Orb.
     0 | D:1      | Reached XP level 1. HP: 10/10 MP: 3/3
     0 | D:1      | magus.rc [v1.11.3]
    24 | D:1      | You pick up a book of Spatial Translocations and begin
                  | reading...
    24 | D:1      | You add the spells Blink, Lesser Beckoning and Manifold
                  | Assault to your library.
   570 | D:1      | Reached XP level 2. HP: 15/15 MP: 5/5
   587 | D:1      | Reached skill level 4 in Earth Magic
  1715 | D:1      | Reached XP level 3. HP: 16/19 MP: 6/6
  1960 | D:2      | Found a white marble altar of Elyvilon.
  1963 | D:2      | You pick up a book of Geomancy and begin reading...
  2099 | D:2      | Reached skill level 5 in Earth Magic
  2748 | D:2      | Reached XP level 4. HP: 22/24 MP: 5/7
  2810 | D:2      | Found a faded altar of an unknown god.
  3186 | D:3      | Found a broken altar of Ashenzari.
  3247 | D:3      | Found a transporter.
  3728 | D:3      | Found a transporter.
  3754 | D:3      | Reached skill level 6 in Earth Magic
  4134 | D:3      | Found a transporter.
  4135 | D:3      | Found a transporter.
  4135 | D:3      | Noticed ma3's ghost (amateur TrCK)
  4226 | D:3      | Reached XP level 5. HP: 21/28 MP: 5/8
  4228 | D:3      | HP: 7/28 [ma3's ghost (11)]
  4229 | D:3      | Gained mutation: Armour fits poorly on your strangely
                  | shaped body. [potion of mutation]
  4231 | D:3      | Slain by a gnoll

Vanquished Creatures
  3 gnolls (D:3)
  4 adders
  3 worms
  2 dart slugs
  6 bats
  5 endoplasms
  3 giant cockroaches
  3 goblins
  5 hobgoblins
  4 jackals (D:3)
  3 ball pythons
  4 frilled lizards
  3 kobolds (D:1)
  5 rats
53 creatures vanquished.

Vanquished Creatures (others)
  2 plants (D:3)
2 creatures vanquished.

Grand Total: 55 creatures vanquished

Table legend:
 A = Non-vault XP
 B = Vault XP
 C = Vault XP percentage of total XP
 D = Non-vault monster count
 E = Vault monster count
 F = Vault count percentage of total count
                 A         B        C        D         E       F
            +---------+---------+-------+---------+---------+-------
      Total |     142 |      44 |  23.7 |      49 |       4 |   7.5
            +---------+---------+-------+---------+---------+-------
        D:1 |      36 |       0 |   0.0 |      23 |       0 |   0.0
        D:2 |      55 |       2 |   3.5 |      14 |       1 |   6.7
        D:3 |      51 |      42 |  45.2 |      12 |       3 |  20.0
            +---------+---------+-------+---------+---------+-------

Illustrated notes

Table legend:
 A = Kills in this place as a percentage of kills in entire the game.
 B = Kills by you in this place as a percentage of kills by you in the entire game.
 C = Kills by friends in this place as a percentage of kills by friends in the entire game.
 D = Other kills in this place as a percentage of other kills in the entire game.
 E = Experience gained in this place as a percentage of experience gained in the entire game.
 F = Experience gained in this place divided by the number of levels of this place that you have seen.
                   A       B       C       D       E      F
               +-------+-------+-------+-------+-------+----------------------
         Total | 100.0 | 100.0 |   N/A |   N/A | 100.0 |  62.0
       Dungeon | 100.0 | 100.0 |   N/A |   N/A | 100.0 |  62.0
               +-------+-------+-------+-------+-------+----------------------

Table legend: (Time is in decaauts)
 A = Elapsed time spent in this place.
 B = Non-inter-level travel time spent in this place.
 C = Inter-level travel time spent in this place.
 D = Time resting spent in this place.
 E = Time spent auto-exploring this place.
 F = Levels seen in this place.
 G = Mean time per level.
                   A        B        C        D        E       F      G
               +--------+--------+--------+--------+--------+-----+--------+
         Total |   4262 |   4212 |     50 |    261 |   3370 |   3 | 1420.7 |
       Dungeon |   4262 |   4212 |     50 |    261 |   3370 |   3 | 1420.7 |
               +--------+--------+--------+--------+--------+-----+--------+

Top non-repeatable levels by time:
     D:1: 1929 daAuts
     D:2: 1231 daAuts
     D:3: 1101 daAuts
